 Dungeon Crawl Stone Soup version 0.28-a0-60-g54b5640690 (webtiles) character file.

Game seed: 4566464666063894614

57 Spaninq the Skirmisher (level 3, 0/29 HPs)
             Began as a Mummy Fighter on July 30, 2021.
             Was an Initiate of Okawaru.
             Slain by a phantom (6 damage)
             ... on level 4 of the Dungeon.
             The game lasted 00:04:25 (2345 turns).

Spaninq the Skirmisher (Mummy Fighter)              Turns: 2345, Time: 00:04:26

Health: 0/29       AC:  7    Str: 20    XL:     3   Next: 73%
Magic:  3/3        EV:  7    Int:  7    God:    Okawaru [......]
Gold:   109        SH:  9    Dex: 11    Spells: 2/2 levels left

rFire   x . .      SeeInvis .   n - +2 hand axe (venom)
rCold   + . .      Faith    .   c - +0 kite shield
rNeg    + + +      Spirit   .   b - +0 scale mail
rPois   ∞          Reflect  .   g - +0 helmet
rElec   .          Harm     .   (no cloak)
rCorr   +          Rampage  .   (no gloves)
Will    +....                   (no boots)
Stlth   ..........              (no amulet)
HPRegen 0.09/turn               e - ring of willpower
MPRegen 0.08/turn               i - ring of resist corrosion

@: very slow
A: cold resistance 1, negative energy resistance 3, torment resistance 2, heat
vulnerability 1, no potions
a: Renounce Religion


You were on level 4 of the Dungeon.
You worshipped Okawaru.
Okawaru was noncommittal.
You visited 2 branches of the dungeon, and saw 5 of its levels.

You collected 109 gold pieces.

Inventory:

Hand Weapons
 n - a +2 hand axe of venom (weapon)
Armour
 b - a +0 scale mail (worn)
 c - a +0 kite shield (worn)
 g - a +0 helmet (worn)
Jewellery
 e - a ring of willpower (left hand)
 i - a ring of resist corrosion (right hand)
Wands
 m - a wand of paralysis (10)
Scrolls
 d - 2 scrolls of immolation {unknown}
 f - 4 scrolls of identify {unknown}
 h - a scroll of teleportation {unknown}
 j - a scroll of fog {unknown}
 k - a scroll of magic mapping {unknown}
 l - a scroll of brand weapon {unknown}


   Skills:
 + Level 3.3 Fighting
 * Level 2.2 Axes
 + Level 2.7 Armour
 * Level 3.0 Shields


You had 2 spell levels left.
You didn't know any spells.
Your spell library contained the following spells:

 Spells                   Type           Power      Damage    Failure   Level
 Animate Dead             Necr           0%         N/A       100%        4
 Agony                    Necr           0%         N/A       100%        5
 Excruciating Wounds      Necr           0%         N/A       100%        5


Dungeon Overview and Level Annotations

Branches:
Dungeon (4/15)             Temple (1/1) D:4

Altars:
Dithmenos
Elyvilon
Fedhas
Hepliaklqana
Makhleb
Nemelex Xobeh
Okawaru
Ru
Vehumet
Wu Jian
Xom
Yredelemnul
Zin

Annotations:
D:3 Robin, Sigmund


Innate Abilities, Weirdness & Mutations

You are immune to poison.
Your flesh is cold resistant. (rC+)
You are immune to negative energy. (rN+++)
You are immune to unholy pain and torment.
You are vulnerable to heat. (rF-)
You do not drink.


Message History

You block the phantom's attack.
You barely miss the goblin.
The goblin is moderately wounded.
You hit the phantom. The goblin hits you with a +0 dagger.
The phantom hits you. x2; The goblin hits you with a +0 dagger.
You slash the goblin!
You kill the goblin!
Okawaru accepts your kill.
Your shield and scale mail prevent you from hitting the phantom.
The phantom hits you!
* * * LOW HITPOINT WARNING * * *
The phantom blinks!
You blink.
The phantom hits you.
* * * LOW HITPOINT WARNING * * *
You see here a +0 dagger.
You block the phantom's attack. You block the phantom's attack.
You enter the shallow water.
Moving in this stuff is going to be slow.
The phantom hits you!
* * * LOW HITPOINT WARNING * * *
The phantom blinks!
You blink.
You enter the shallow water.
Moving in this stuff is going to be slow.
The phantom hits you but does no damage.
You block the phantom's attack. The phantom barely misses you.
You block the phantom's attack. The phantom barely misses you.
You block the phantom's attack.
The phantom hits you but does no damage.
You hit the plant.
The plant begins to die.
The plant is lightly damaged.
You hit the plant.
The plant begins to die.
You barely miss the phantom. You hit the plant.
The plant begins to die.
The plant is poisoned.
You block the phantom's attack.
A nearby plant withers and dies.
The phantom closely misses you.
A nearby plant withers and dies. x2
The phantom hits you.
You die...

......#.....##.).##....#
.######.....##...##....#
.#...#.................#
.#...#.................#
.#...#.................#
....♣≈)≈♣♣≈≈♣..........#
≈≈♣≈≈≈♣♣P≈♣♣♣≈≈≈≈......#
♣≈P♣≈≈≈P≈≈≈≈≈♣♣≈♣P♣....#
≈≈≈≈≈P≈≈≈≈≈≈≈≈≈♣@P♣♣..!#
≈≈≈≈≈≈≈≈≈≈≈≈≈≈≈≈PW≈≈♣♣.#
≈P♣≈≈≈≈≈≈≈≈≈≈≈≈≈≈≈≈≈≈♣♣##
P≈≈≈≈≈≈≈≈≈≈≈≈≈≈≈≈≈≈≈≈≈♣P#
P≈P≈≈≈≈≈≈≈≈≈≈≈≈≈≈≈≈≈≈≈≈≈#
≈♣≈≈≈≈≈≈≈≈≈≈≈≈≈≈≈≈P≈P≈♣♣#
≈≈≈P≈≈≈≈≈≈≈≈≈≈≈≈≈P≈≈≈♣♣
≈≈♣≈≈≈≈≈≈≈≈≈≈P≈≈P≈≈≈♣♣
≈≈≈♣≈≈♣P≈≈≈≈≈≈≈PP≈≈≈♣


You could see a phantom.

Vanquished Creatures
  2 dart slugs (D:4)
  4 orcs (D:4)
  5 ball pythons (D:1)
  5 endoplasms (D:1)
  7 goblins
  6 hobgoblins
  A quokka (D:1)
  3 frilled lizards (D:1)
  6 kobolds
  7 rats
46 creatures vanquished.

Vanquished Creatures (others)
  8 plants (D:4)
8 creatures vanquished.

Grand Total: 54 creatures vanquished

Notes
Turn   | Place    | Note
-------+----------+-------------------------------------------
     0 | D:1      | Spaninq the Mummy Fighter began the quest for the Orb.
     0 | D:1      | Reached XP level 1. HP: 18/18 MP: 1/1
    44 | D:1      | Got the Almanac of Black Rites
   341 | D:1      | Reached XP level 2. HP: 19/24 MP: 2/2
   891 | D:1      | Reached XP level 3. HP: 29/29 MP: 3/3
  1457 | D:2      | You fall into a shaft and drop 2 floors!
  1466 | D:4      | Found a staircase to the Ecumenical Temple.
  1472 | Temple   | Entered the Ecumenical Temple
  1612 | Temple   | Became a worshipper of Warmaster Okawaru
  2186 | D:4      | Noticed a phantom
  2191 | D:3      | Noticed Sigmund
  2191 | D:3      | Noticed Robin
  2345 | D:4      | Slain by a phantom

Illustrated notes

Levels and vault maps discovered:
D:1:      mainiacjoe_arrival_reflecting_pool, layout_basic,
          hangedman_decor_growths, minmay_crystal_water, minmay_hexomino_c4
D:2:      layout_loops_ring, basic_altar
D:3:      layout_basic, minitemple, hellmonk_ecumenical_altar_blasted,
          kennysheep_jessica_study, uniq_sigmund, uniq_robin
D:4:      layout_gridville, minmay_temple_entry_hall, minivault_24,
          serial_bayou_lake_a
Temple:   dshaligram_water_room_temple

Skill      XL: |  1  2  3 |
---------------+----------+-----
Axes           | 2 |  2.2
Shields        | 3 |  3.0
Fighting       | |  3.3
Armour         | |  2.7

Action                   || total
-------------------------++-------
Melee: War axe           ||   105
       Hand axe          ||    12
Armor: Scale mail        ||    40
Dodge: Dodged            ||    34
Block: Kite shield       ||    64

Table legend: (Time is in decaauts)
 A = Elapsed time spent in this place.
 B = Non-inter-level travel time spent in this place.
 C = Inter-level travel time spent in this place.
 D = Time resting spent in this place.
 E = Time spent auto-exploring this place.
 F = Levels seen in this place.
 G = Mean time per level.
                   A        B        C        D        E       F      G
               +--------+--------+--------+--------+--------+-----+--------+
         Total |   2440 |   2429 |     11 |    453 |   1361 |   5 |  488.0 |
       Dungeon |   2291 |   2280 |     11 |    453 |   1252 |   4 |  572.8 |
        Temple |    149 |    149 |      0 |      0 |    109 |   1 |  149.0 |
               +--------+--------+--------+--------+--------+-----+--------+

Top non-repeatable levels by time:
     D:1: 1499 daAuts
     D:4: 781 daAuts
  Temple: 149 daAuts
     D:2: 9 daAuts
     D:3: 1 daAuts
